 Dungeon Crawl Stone Soup version 0.27-a0-1200-g94dc6ad4cf (webtiles) character file.

Game seed: 10989830852893936243

65 hilljack the Digger (level 4, -4/24 HPs)
             Began as a Gargoyle Earth Elementalist on June 2, 2021.
             Was a Believer of Vehumet.
             Slain by Crazy Yiuf
             ... wielding a +3 quarterstaff of chaos
              (7 damage)
             ... on level 2 of the Dungeon.
             The game lasted 00:05:06 (1946 turns).

hilljack the Digger (Gargoyle Earth Elementalist)   Turns: 1946, Time: 00:05:07

Health: -4/24      AC:  6    Str: 12    XL:     4   Next: 13%
Magic:  7/7        EV: 16    Int: 16    God:    Vehumet [**....]
Gold:   108        SH:  0    Dex: 10    Spells: 6/7 levels left

rFire    . . .     SeeInvis .   a - +3 short sword (venom)
rCold    . . .     Faith    .   (no shield)
rNeg     + . .     Spirit   .   h - +0 leather armour
rPois    ∞         Reflect  .   (no helmet)
rElec    +         Harm     .   (no cloak)
rCorr    .         Rampage  .   (no gloves)
Will     .....                  (no boots)
Stlth    ++........             d - amulet of regeneration
HPRegen  1.08/turn              (no ring)
MPRegen  0.10/turn              (no ring)

@: agile
A: sickness immunity, AC +3, negative energy resistance 1, electricity
resistance, torment resistance 1, petrification resistance
a: Renounce Religion


You were on level 2 of the Dungeon.
You worshipped Vehumet.
Vehumet was pleased with you.
You visited 1 branch of the dungeon, and saw 2 of its levels.

You collected 108 gold pieces.

Inventory:

Hand Weapons
 a - a +3 short sword of venom (weapon)
 b - a +0 hunting sling
 l - a +0 whip
Missiles
 c - 13 sling bullets
 e - 19 poisoned darts
 g - 28 bolts
 j - 75 stones
Armour
 h - a +0 leather armour (worn)
Jewellery
 d - an amulet of regeneration (around neck)
Scrolls
 i - 2 scrolls of teleportation
Potions
 f - a potion of attraction


   Skills:
 + Level 2.0 Maces & Flails
 - Level 1.5 Dodging
 - Level 2.1 Stealth
 - Level 2.0 Spellcasting
 - Level 0.7 Transmutations
 + Level 5.1 Earth Magic


You had 6 spell levels left.
You knew the following spells:

 Your Spells              Type           Power      Damage    Failure   Level
a - Sandblast             Erth           36%        2d10      3%          1

Your spell library contained the following spells:

 Spells                   Type           Power      Damage    Failure   Level
 Poisonous Vapours        Pois/Air       2%         N/A       36%         2
 Passwall                 Tmut/Erth      9%         N/A       12%         2
 Animate Skeleton         Necr           2%         N/A       26%         1
 Apportation              Tloc           2%         N/A       26%         1
 Corona                   Hex            1%         N/A       26%         1
 Summon Small Mammal      Summ           4%         N/A       26%         1
 Stone Arrow              Conj/Erth      18%        3d8       28%         3
 Petrify                  Tmut/Erth      11%        N/A       61%         4
 Lee's Rapid Deconstruct  Erth           9%         3d8*      65%         5


Dungeon Overview and Level Annotations

Branches:
Dungeon (2/15)

Altars:
Gozag
Vehumet

Annotations:
D:2 Crazy Yiuf


Innate Abilities, Weirdness & Mutations

You are immune to sickness and miasma.
Your stone body is resilient. (AC +3)
You are immune to poison.
You resist negative energy. (rN+)
You are resistant to electric shocks. (rElec)
You are resistant to unholy torment.
You are immune to petrification.


Message History

The endoplasm hits you but does no damage.
You hit the endoplasm.
You kill the endoplasm!
Vehumet accepts your kill.
No target in view!
No target in view!
No target in view!
No target in view!
No target in view!
No target in view!
No target in view!
Found a mace.
Found a runed translucent door.
Crazy Yiuf shouts!
Crazy Yiuf yells, "Earwax!
Tosser forty-two unthinkable."
j - 75 stones (gained 20)
You see here a +0 chain mail.
You see here a +0 club.
Things that are here:
a +0 spear; a +0 ring mail You see here a +0 spear.
You see here a +0 spear.
Things that are here:
a +0 leather armour; a +0 hand axe; a +0 club
Things that are here:
a +0 spear; a +0 ring mail You see here a +0 club.
There is a stone staircase leading up here.
You open the door.
Crazy Yiuf drinks a potion.
Crazy Yiuf seems to speed up.
As you read the scroll labelled GOREKI VYRU, it crumbles to dust.
It is a scroll of enchant weapon.
Your +2 short sword of venom glows red for a moment.
You puncture Crazy Yiuf!
Crazy Yiuf is poisoned.
Crazy Yiuf is moderately wounded.
Crazy Yiuf hits you with a +3 quarterstaff of chaos.
You feel agile all of a sudden.
Crazy Yiuf hits you with a +3 quarterstaff of chaos!
Ouch! That really hurt!
* * * LOW HITPOINT WARNING * * *
Crazy Yiuf freezes you!
You die...

...###.........#.#
..#..#.....#######
.#....#...##
.#.....##.## #####
...........# #)..#
###.)..##### #...#
######## .....#.#
... #.......
..####.# #g#
#.#####.
..####.##### ♣@♣♣
#.# #.
...........# ♣♣.♣
#.# #.
######)##### ♣.♣♣
#####.# #. #.#
♣♣.♣ #.....# #.
#.# ♣♣.♣♣ #.#####
#. ######.# ♣♣...♣
#.# #. .......#
♣....♣ #.# #.
######## ##..##
#.# #. ######
###....###.# #.


You could see Crazy Yiuf (fast, very poisoned).

Vanquished Creatures
  5 orcs
  3 ball pythons
  5 bats
  7 endoplasms
  A giant cockroach (D:2)
  3 hobgoblins
  8 jackals
  A quokka (D:1)
  A frilled lizard (D:1)
  8 goblins
  5 kobolds (D:1)
  2 rats
49 creatures vanquished.

Notes
Turn   | Place    | Note
-------+----------+-------------------------------------------
     0 | D:1      | hilljack the Gargoyle Earth Elementalist began the quest
                  | for the Orb.
     0 | D:1      | Reached XP level 1. HP: 10/10 MP: 3/3
    32 | D:1      | Found a faded altar of an unknown god.
    42 | D:1      | Became a worshipper of Vehumet
    42 | D:1      | Reached * piety under Vehumet
    42 | D:1      | Offered knowledge of Freeze by Vehumet.
    84 | D:1      | Reached skill level 4 in Earth Magic
    90 | D:1      | Reached XP level 2. HP: 9/15 MP: 3/5
   474 | D:1      | Reached skill level 1 in Maces & Flails
   547 | D:1      | Reached XP level 3. HP: 19/19 MP: 4/6
   890 | D:1      | Reached ** piety under Vehumet
   890 | D:1      | Offered knowledge of Poisonous Vapours by Vehumet.
  1198 | D:1      | Reached skill level 5 in Earth Magic
  1405 | D:2      | Reached XP level 4. HP: 24/24 MP: 7/7
  1499 | D:2      | Found an opulent altar of Gozag.
  1620 | D:2      | Found a runed translucent door.
  1621 | D:2      | Noticed Crazy Yiuf
  1946 | D:2      | Slain by Crazy Yiuf

Illustrated notes

Levels and vault maps discovered:
D:1:      sevenhm_arrival_forest_fort_small_4, layout_loops_ring,
          hellmonk_ecumenical_altar_leap_of_faith, minmay_split_cup_small
D:2:      layout_loops_ring, basic_altar, minmay_misc_feat_chi,
          uniq_crazy_yiuf_cottage

Skill      XL: |  1  2  3  4 |
---------------+-------------+-----
Earth Magic    | 4 5 |  5.1
Maces & Flails | 1 2 |  2.0
Dodging        | |  1.5
Stealth        | |  2.1
Spellcasting   | |  2.0
Transmutations | |  0.7

Action                   |  1- 3 |  4- 6 || total
-------------------------+-------+-------++-------
Melee: Club              |    11 |       ||    11
       Whip              |   107 |    20 ||   127
       Short sword       |       |     3 ||     3
 Cast: Sandblast         |    28 |       ||    28
  Use: Scroll            |     2 |     1 ||     3
 Stab: Sleeping          |     2 |       ||     2
Armor: Robe              |    10 |       ||    10
       Leather armour    |    38 |     6 ||    44
Dodge: Dodged            |   112 |    18 ||   130

Table legend: (Time is in decaauts)
 A = Elapsed time spent in this place.
 B = Non-inter-level travel time spent in this place.
 C = Inter-level travel time spent in this place.
 D = Time resting spent in this place.
 E = Time spent auto-exploring this place.
 F = Levels seen in this place.
 G = Mean time per level.
                   A        B        C        D        E       F      G
               +--------+--------+--------+--------+--------+-----+--------+
         Total |   1960 |   1924 |     36 |    356 |   1180 |   2 |  980.0 |
       Dungeon |   1960 |   1924 |     36 |    356 |   1180 |   2 |  980.0 |
               +--------+--------+--------+--------+--------+-----+--------+

Top non-repeatable levels by time:
     D:1: 1066 daAuts
     D:2: 894 daAuts
